 Dungeon Crawl Stone Soup version 0.25-a0-576-g50b708a4c4 (webtiles) character file.

Game seed: 17092401350295693176, levelgen mode: deterministic

40044 Flugslaktarn the Severer (level 13, 0/123 HPs)
             Began as a Deep Dwarf Fighter on Mar 2, 2020.
             Was a High Priest of Makhleb.
             Killed from afar by an oklob plant (14 damage)
             ... with a splash of acid
             ... on level 11 of the Dungeon.
             The game lasted 00:09:41 (11041 turns).

Flugslaktarn the Severer (Deep Dwarf Fighter)      Turns: 11041, Time: 00:09:41

Health: 0/123      AC: 15    Str: 27    XL:     13   Next: 72%
Magic:  2/2        EV:  8    Int:  9    God:    Makhleb [*****.]
Gold:   864        SH: 13    Dex: 12    Spells: 12/12 levels left

rFire    . . .     SeeInvis .   a - +0 war axe
rCold    . . .     Gourm    +   c - +0 kite shield
rNeg     . . .     Faith    .   l - +0 chain mail
rPois    .         Spirit   .   y - +1 hat
rElec    .         Reflect  .   u - +0 cloak
rCorr    .         Harm     .   C - +0 pair of gloves
MR       +....     Clarity  +   L - +2 pair of boots
Stlth    ..........             i - amulet of the gourmand
HPRegen  0.00/turn              p - +4 ring of protection
MPRegen  0.08/turn              (no ring)

@: corroded, non-regenerating
A: damage resistance, heal wounds, antennae 1, clarity, sense surroundings 2,
strong 1, no regeneration
a: Heal Wounds, Minor Destruction, Lesser Servant of Makhleb, Major Destruction,
Greater Servant of Makhleb, Renounce Religion


You were on level 11 of the Dungeon.
You worshipped Makhleb.
Makhleb was extremely pleased with you.
You were very full.

You visited 2 branches of the dungeon, and saw 16 of its levels.

You collected 970 gold pieces.
You spent 106 gold pieces at shops.

Inventory:

Hand Weapons
 a - a +0 war axe (weapon)
Missiles
 s - 4 throwing nets (quivered)
Armour
 c - a +0 kite shield (worn)
 k - a +0 helmet
   (You found it on level 4 of the Dungeon)
 l - a +0 chain mail (worn)
   (You found it on level 4 of the Dungeon)
 u - a +0 cloak (worn)
   (You took it off Crazy Yiuf on level 6 of the Dungeon)
 y - a +1 hat (worn)
   (You took it off Gastronok on level 9 of the Dungeon)
 C - a +0 pair of gloves (worn)
   (You found it on level 11 of the Dungeon)
 L - a +2 pair of boots (worn)
   (You found it on level 15 of the Dungeon)
Jewellery
 i - an amulet of the gourmand (around neck)
   (You found it on level 4 of the Dungeon)
 p - a +4 ring of protection (left hand)
   (You found it on level 11 of the Dungeon)
Wands
 b - a wand of scattershot (8)
   (You found it on level 10 of the Dungeon)
 v - a wand of digging (19)
   (You found it on level 6 of the Dungeon)
 B - a wand of paralysis (10)
   (You found it on level 11 of the Dungeon)
 D - a wand of acid (14)
   (You found it on level 12 of the Dungeon)
Scrolls
 f - a scroll of fear
 m - a scroll of immolation
 t - a scroll of teleportation
 x - 6 scrolls of remove curse
 G - a scroll of summoning
 I - 3 scrolls of enchant weapon
 J - a scroll of holy word
 K - a scroll of enchant armour
Potions
 d - 2 potions of might
 g - 3 potions of flight
 h - a potion of haste
 j - a potion of mutation
 n - a potion of resistance
 q - 3 potions of curing
 w - 2 potions of heal wounds
 z - 2 potions of berserk rage
 A - 2 potions of brilliance
 E - 2 potions of magic
 F - 2 potions of stabbing
Comestibles
 e - 22 rations


   Skills:
 + Level 9.8 Fighting
 * Level 15.2 Axes
 + Level 11.5 Armour
 + Level 11.4 Shields
 + Level 10.5 Invocations


You had 12 spell levels left.
You didn't know any spells.
Your spell library was empty.

Dungeon Overview and Level Annotations

Branches:
Dungeon (15/15)            Temple (1/1) D:4            Lair (0/6) D:11
    Orc (0/2) D:10         Vaults (0/5) D:14         Depths (0/5) D:15

Altars:
Ashenzari
Cheibriados
Dithmenos
Elyvilon
Fedhas
Gozag
Hepliaklqana
Kikubaaqudgha
Makhleb
Nemelex Xobeh
Okawaru
Qazlal
Ru
Sif Muna
Trog
Uskayaw
Vehumet
Wu Jian
Xom
Yredelemnul
Zin
The Shining One

Shops:
D:9 *

Portals:
Trove: D:13 (give +5 demon blade)

Annotations:
D:11 exclusion: 2 oklob plants


Innate Abilities, Weirdness & Mutations

You are resistant to damage.
You can heal yourself by infusing magical energy.
You passively map the area around you.
You do not regenerate.
You have a pair of small antennae on your head.
You possess an exceptional clarity of mind.
Your muscles are strong. (Str +2)


Message History

You hit the oklob plant.
The oklob plant is severely damaged.
You hit the plant.
You hit the oklob plant but do no damage.
The oklob plant is severely damaged.
You hit the plant. The oklob plant spits acid at you.
The splash of acid hits you!
* * * LOW HITPOINT WARNING * * *
You are splashed with acid!
* * * LOW HITPOINT WARNING * * *
You hit the oklob plant.
The oklob plant is almost destroyed.
You hit the plant but do no damage.
You hit the oklob plant but do no damage.
The oklob plant is almost destroyed.
You hit the plant but do no damage. The oklob plant spits acid at you.
The splash of acid hits you!
You die...

...........# ... .....#
################.. * ....#
...'.......##...#######...#
...#.>....###..#...≈...#..#
...#......#......#...#....#
...#......'.....##...##...#
####.##...#...#...PPP...#.#
####.##...#...#≈.PP>PP.≈#.#
..........#...#.@PPPP...#.##
..........#.....##..P##....#
.....>....#......#...#.....#
..........+....#...≈...#...#
..........#.....#######....#
..........#......#.........#
##.####...#......#........##
#######...#......#.......##
..........#......#.......#


You could see 2 oklob plants.

Vanquished Creatures
  Gastronok (D:9)
  A yaktaur captain (D:15)
  Harold (D:9)
  A hydra (D:15)
  8 vault guards (D:14)
  3 centaur warriors
  A two-headed ogre (D:9)
  A tengu warrior (D:15)
  A glowing orange brain (shapeshifter) (D:15)
  5 unseen horrors
  A wolf spider zombie (D:13)
  2 cyclopes
  3 manticores
  3 ugly things (D:15)
  Maurice (D:8)
  2 centaur skeletons
  2 kobold demonologists
  A yaktaur (D:15)
  2 komodo dragons
  2 trolls (D:9)
  A meliai (D:15)
  A tengu conjurer (D:15)
  2 hippogriffs
  5 slime creatures
  2 vampires (D:14)
  3 shadows
  A spriggan (shapeshifter) (D:15)
  6 wraiths
  19 yaks
  2 wyverns (D:14)
  Grum (D:8)
  2 hungry ghosts
  4 vampire mosquitoes (D:14)
  2 acid dragons
  3 water moccasins
  Edmund (D:6)
  A soldier ant (D:12)
  6 orc warriors
  5 sky beasts
  3 black bears
  7 ogres
  3 ice beasts
  A necrophage (D:11)
  3 wolves (D:8)
  A phantom (D:7)
  10 centaurs
  A crocodile (D:7)
  11 bullfrogs
  16 big kobolds
  A wyvern zombie (D:10)
  2 wyvern skeletons
  6 scorpions
  A killer bee (D:10)
  18 wights
  2 electric eels (D:10)
  5 howler monkeys
  2 bullfrog zombies
  A centaur zombie (D:11)
  7 crimson imps
  3 orc priests
  9 hounds
  Crazy Yiuf (D:6)
  4 jellies
  6 orc wizards
  A quasit (D:10)
  5 bullfrog skeletons
  2 iguanas
  10 worker ants
  A killer bee zombie (D:8)
  A hound skeleton (D:9)
  A worker ant zombie (D:7)
  8 gnolls
  11 adders
  3 shadow imps
  A white imp (D:11)
  2 adder skeletons
  An adder zombie (D:9)
  2 worms
  A leopard gecko (D:9)
  36 orcs
  6 giant cockroaches
  A goblin (D:1)
  4 hobgoblins (D:4)
  6 quokkas
  A ball python zombie (D:6)
  3 frilled lizards
  A jackal skeleton (D:4)
  52 kobolds
  A quokka skeleton (D:9)
  2 quokka zombies
396 creatures vanquished.

Vanquished Creatures (collateral kills)
  2 hydras
  A two-headed ogre (D:10)
  An unseen horror (D:15)
  A centaur zombie (D:15)
  2 slime creatures (D:15)
  2 necrophages (D:10)
  A howler monkey (D:10)
10 creatures vanquished.

Vanquished Creatures (others)
  A plant (D:10)
1 creature vanquished.

Grand Total: 407 creatures vanquished

Notes
Turn   | Place    | Note
-------+----------+-------------------------------------------
     0 | D:1      | Flugslaktarn the Deep Dwarf Fighter began the quest for the
                  | Orb.
     0 | D:1      | Reached XP level 1. HP: 20/20 MP: 1/1
    82 | D:2      | Noticed a scorpion
    92 | D:2      | Killed a scorpion
    92 | D:2      | Reached skill level 3 in Axes
    92 | D:2      | Reached XP level 2. HP: 28/28 MP: 2/2
    92 | D:2      | Reached XP level 3. HP: 34/34 MP: 3/3
   169 | D:3      | Reached XP level 4. HP: 32/42 MP: 4/4
   210 | D:4      | Reached skill level 4 in Axes
   210 | D:4      | Reached XP level 5. HP: 40/49 MP: 5/5
   302 | D:4      | Found a staircase to the Ecumenical Temple.
   324 | Temple   | Entered the Ecumenical Temple
   635 | D:4      | Found a basalt altar of Yredelemnul.
  1148 | D:4      | Noticed an ogre
  1162 | D:4      | Killed an ogre
  1162 | D:4      | Reached XP level 6. HP: 50/56 MP: 4/4
  1190 | D:4      | Reached skill level 5 in Axes
  1215 | D:4      | Reached XP level 7. HP: 29/64 MP: 5/5
  1261 | D:4      | Reached skill level 5 in Armour
  1261 | D:4      | Reached skill level 5 in Shields
  1675 | D:5      | Entered Level 5 of the Dungeon
  1683 | D:5      | Reached skill level 6 in Axes
  2085 | D:6      | Noticed Edmund
  2116 | D:6      | Killed Edmund
  2145 | D:6      | Reached XP level 8. HP: 45/73 MP: 5/5
  2202 | D:6      | Reached skill level 7 in Axes
  2446 | D:6      | Found a runed translucent door.
  2447 | D:6      | Noticed Crazy Yiuf
  2581 | D:6      | Killed Crazy Yiuf
  2709 | D:7      | Reached skill level 5 in Fighting
  2932 | D:7      | Reached skill level 8 in Axes
  3177 | D:7      | Gained mutation: You passively map the area around you.
                  | [Deep Dwarf growth]
  3177 | D:7      | Reached XP level 9. HP: 59/81 MP: 6/6
  3672 | D:8      | Noticed Maurice
  3680 | D:8      | Killed Maurice
  3680 | D:8      | Reached skill level 9 in Axes
  3761 | D:8      | Noticed Grum
  3780 | D:8      | Killed Grum
  3888 | D:8      | Found a burning altar of Makhleb.
  3911 | D:8      | Became a worshipper of Makhleb the Destroyer
  4014 | D:8      | Reached skill level 1 in Invocations
  4144 | D:8      | Reached skill level 10 in Axes
  4238 | D:8      | Noticed a kobold demonologist
  4255 | D:8      | Killed a kobold demonologist
  4255 | D:8      | Reached XP level 10. HP: 67/92 MP: 6/6
  4295 | D:8      | Reached * piety under Makhleb
  4390 | D:9      | Noticed a two-headed ogre
  4407 | D:9      | Killed a two-headed ogre
  4522 | D:9      | Found Adaupp's Assorted Antiques.
  4544 | D:9      | Bought a scroll labeled TEMOMO ULAPN for 28 gold pieces
  4544 | D:9      | Bought an amethyst potion for 25 gold pieces
  4544 | D:9      | Bought a fuming puce potion for 25 gold pieces
  4544 | D:9      | Bought a scroll labeled NIUSUJ VAFITU for 28 gold pieces
  4553 | D:9      | Gained mutation: You evolve. [potion of mutation]
  4553 | D:9      | Gained mutation: Your mind is acute. (Int +2) [potion of
                  | mutation]
  4762 | D:9      | Reached skill level 11 in Axes
  4835 | D:9      | Reached ** piety under Makhleb
  4871 | D:9      | Noticed Gastronok
  4917 | D:9      | Killed Gastronok
  4917 | D:9      | Reached skill level 5 in Invocations
  4917 | D:9      | Reached XP level 11. HP: 50/100 MP: 5/5
  4950 | D:9      | Noticed Harold
  4968 | D:9      | HP: 5/100 [acid (9)]
  5034 | D:9      | Killed Harold
  5647 | D:9      | Lost mutation: You evolve. [potion of mutation]
  5647 | D:9      | Lost mutation: Your mind is acute. (Int +2) [potion of
                  | mutation]
  5647 | D:9      | Gained mutation: You have a pair of small antennae on your
                  | head. [potion of mutation]
  5647 | D:9      | Gained mutation: Your muscles are strong. (Str +2) [potion
                  | of mutation]
  5647 | D:9      | Gained mutation: You possess an exceptional clarity of
                  | mind. [potion of mutation]
  5672 | D:10     | Entered Level 10 of the Dungeon
  5817 | D:10     | Found a staircase to the Orcish Mines.
  5927 | D:10     | Reached *** piety under Makhleb
  5943 | D:10     | Noticed a five-headed hydra
  6000 | D:9      | Reached skill level 12 in Axes
  6029 | D:10     | Killed an eight-headed hydra
  6142 | D:10     | Found a hazy altar of Hepliaklqana.
  6236 | D:10     | Noticed a two-headed ogre
  6257 | D:10     | Killed a two-headed ogre
  6731 | D:11     | Noticed an oklob plant
  6737 | D:11     | Found a staircase to the Lair.
  6742 | D:11     | Noticed an oklob plant
  7064 | D:11     | Reached **** piety under Makhleb
  7853 | D:12     | Reached XP level 12. HP: 111/111 MP: 3/3
  7872 | D:12     | Reached skill level 13 in Axes
  7907 | D:12     | Reached skill level 10 in Armour
  7931 | D:12     | Found the +5 scythe "Finisher" {speed, eviscerate}
  8196 | D:13     | Found a portal to a secret trove of treasure.
  8322 | D:13     | Reached skill level 10 in Shields
  8893 | D:14     | Reached ***** piety under Makhleb
  9006 | D:14     | Noticed a vault guard
  9006 | D:14     | Noticed a vault guard
  9006 | D:14     | Noticed a vault guard
  9006 | D:14     | Noticed a vault guard
  9007 | D:14     | Found a gate to the Vaults.
  9007 | D:14     | Noticed a vault guard
  9007 | D:14     | Noticed a vault guard
  9007 | D:14     | Noticed a vault guard
  9008 | D:14     | Noticed a vault guard
  9013 | D:14     | Noticed a centaur warrior
  9043 | D:14     | Killed a vault guard
  9077 | D:14     | Killed a vault guard
  9097 | D:14     | Killed a vault guard
  9120 | D:14     | Killed a vault guard
  9133 | D:14     | Killed a centaur warrior
  9133 | D:14     | Reached skill level 14 in Axes
  9172 | D:14     | Killed a vault guard
  9198 | D:14     | Killed a vault guard
  9205 | D:14     | Killed a vault guard
  9208 | D:14     | Killed a vault guard
  9208 | D:14     | Reached XP level 13. HP: 98/121 MP: 3/5
  9849 | D:15     | Entered Level 15 of the Dungeon
  9887 | D:15     | Found an iron altar of Okawaru.
 10057 | D:15     | Found a staircase to the Depths.
 10176 | D:15     | Reached skill level 10 in Invocations
 10182 | D:15     | HP: 2/121 [slime creature (13)]
 10305 | D:15     | Reached skill level 15 in Axes
 11041 | D:11     | Killed from afar by an oklob plant

Levels and vault maps discovered:
D:1:      lightli_arrival_isolated_outpost, layout_basic
D:2:      layout_loops_corners
D:3:      cheibrodos_fertilizer, layout_basic
D:4:      minmay_goblin_kobold_castle, layout_loops_cross,
          minmay_temple_entry_waves, first_ration, yredelemnul_altar_generic
D:5:      layout_rooms
D:6:      layout_cave_pools, uniq_crazy_yiuf_cottage, uniq_edmund
D:7:      layout_loops_ring, grunt_ogre_cave, minmay_puff
D:8:      layout_rooms, makhleb_grotto_becter, special_room
          [special_room_kobold], minivault_26, hangedman_decor_points,
          uniq_maurice, uniq_grum
D:9:      layout_grid_maze, serial_shops, shop, lightli_orcish_oven,
          uniq_gastronok, uniq_harold
D:10:     minmay_slanted_spiral_squares, layout_rooms, basic_altar,
          chequers_big_river
D:11:     layout_gridville, dpeg_oklobed_lair, gauntlet_entry_generic,
          minmay_fire_ice_demons
D:12:     layout_gridville, minmay_guarded_unrand_finisher
D:13:     layout_roguey, nicolae_trove_entry_crossroad
D:14:     layout_gridville, erik_vaults_2, minmay_door_square, solitary_fountain
D:15:     grunt_enter_depths_snipers, layout_loops_cross, minivault_26,
          minmay_ruined_shrine
Temple:   regret_index_temple_sigil_plot

Skill      XL: |  1  2  3  4  5  6  7  8  9 10 11 12 13 |
---------------+----------------------------------------+-----
Fighting       | 3 4 5 6 7 8 9 |  9.8
Axes           | 3 4 5 6 8 10 11 12 14 15 | 15.2
Armour         | 4 5 6 7 8 9 10 11 | 11.5
Shields        | 4 5 6 7 8 9 10 11 | 11.4
Invocations    | 2 5 7 9 10 | 10.5

Action                   |  1- 3 |  4- 6 |  7- 9 | 10-12 | 13-15 || total
-------------------------+-------+-------+-------+-------+-------++-------
Melee: War axe           |    24 |   176 |   495 |  1062 |   366 ||  2123
Invok: Lesser Servant of |       |       |       |     3 |     4 ||     7
 Abil: Heal Wounds       |     1 |     5 |    15 |    39 |    18 ||    78
Evoke: Wand              |       |       |       |       |     5 ||     5
  Use: Scroll            |       |       |       |    24 |     6 ||    30
       Potion            |       |       |       |     5 |       ||     5
 Stab: Paralysed         |       |       |       |       |     8 ||     8
  Eat: Chunk             |       |     5 |    30 |    21 |     9 ||    65
Armor: Scale mail        |    11 |     9 |       |       |       ||    20
       Chain mail        |       |    93 |   236 |   474 |   328 ||  1131
Dodge: Dodged            |     5 |    62 |   101 |   251 |    93 ||   512
Block: Kite shield       |    14 |   134 |   261 |   579 |   265 ||  1253

Table legend:
 A = Non-vault XP
 B = Vault XP
 C = Vault XP percentage of total XP
 D = Non-vault monster count
 E = Vault monster count
 F = Vault count percentage of total count
                 A         B        C        D         E       F
            +---------+---------+-------+---------+---------+-------
      Total |   32644 |   24563 |  42.9 |     282 |     124 |  30.5
            +---------+---------+-------+---------+---------+-------
        D:1 |       2 |       0 |   0.0 |       1 |       0 |   0.0
        D:2 |      73 |       0 |   0.0 |       3 |       0 |   0.0
        D:3 |      41 |       0 |   0.0 |       3 |       0 |   0.0
        D:4 |     325 |     466 |  58.9 |      15 |      50 |  76.9
        D:5 |     175 |       0 |   0.0 |      10 |       0 |   0.0
        D:6 |     653 |     196 |  23.1 |      11 |       2 |  15.4
        D:7 |    1019 |     284 |  21.8 |      23 |       3 |  11.5
        D:8 |     815 |    2488 |  75.3 |      21 |      25 |  54.3
        D:9 |    2808 |    3804 |  57.5 |      33 |       9 |  21.4
       D:10 |    3361 |    1759 |  34.4 |      37 |      10 |  21.3
       D:11 |    2416 |      61 |   2.5 |      23 |       2 |   8.0
       D:12 |    2656 |     853 |  24.3 |      26 |       4 |  13.3
       D:13 |    3584 |       0 |   0.0 |      16 |       0 |   0.0
       D:14 |    7661 |    7871 |  50.7 |      39 |       8 |  17.0
       D:15 |    7055 |    6781 |  49.0 |      21 |      11 |  34.4
            +---------+---------+-------+---------+---------+-------
